 Dungeon Crawl Stone Soup version 0.31.0-32-g396128a36d (webtiles) character file.

Game seed: 10489477445635151878

88 spaghetti the Trooper (level 4, -7/57 HPs)
             Began as a Demonspawn Chaos Knight on Mar 23, 2024.
             Was a Plaything of Xom.
             Mangled by an ogre
             ... wielding a +0 giant spiked club
              (21 damage)
             ... on level 3 of the Dungeon.
             The game lasted 00:02:11 (1640 turns).

spaghetti the Trooper (Demonspawn Chaos Knight)     Turns: 1640, Time: 00:02:11

Health: -7/57      AC: 22    Str: 15    XL:     4   Next: 29%
Magic:  4/4        EV:  2    Int: 10    God:    Xom [..*...]
Gold:   147        SH:  0    Dex: 18    Spells: 3/3 levels left

rFire   . . .        a - +0 falchion (heavy)
rCold   . . .        (no shield)
rNeg    . . .        b - melded +2 leather armour
rPois   +            (helmet currently unavailable)
rElec   .            e - melded +0 cloak
rCorr   .            (gloves currently unavailable)
SInv    .            (boots currently unavailable)
Will    .....        (no amulet)
Stlth   ++           g - +5 ring of evasion
HPRegen 0.29/turn    (no ring)
MPRegen 0.09/turn

%: no passive effects
@: tree-form
A: stationary, stasis, torment immunity, boosted hp, rugged brown scales 1,
demonic magic 1, (fangs 1), agile 1, strong 1, wild magic 1
a: Renounce Religion


You were on level 3 of the Dungeon.
You worshipped Xom.
You were a toy of Xom.
You were a tree.
You visited 1 branch of the dungeon, and saw 3 of its levels.

You collected 147 gold pieces.

Inventory:

Hand Weapons
 a - a +0 heavy falchion (weapon)
Armour
 b - a +2 leather armour (melded)
 e - a +0 cloak (melded)
Jewellery
 g - a +5 ring of evasion (left branch)
Scrolls
 c - a scroll of butterflies
 h - a scroll of identify
Potions
 d - 2 potions of curing
 i - a potion of mutation
 j - 2 potions of degeneration {unknown}


   Skills:
 + Level 3.9 Fighting
 - Level 3.8 Long Blades
 - Level 2.0 Armour
 - Level 1.1 Dodging


You had 3 spell levels left.
You didn't know any spells.
Your spell library contained the following spells:

 Spells                   Type           Power      Damage    Failure   Level
 Blink                    Tloc           0%         N/A       58%         2
 Lesser Beckoning         Tloc           0%         N/A       58%         2
 Momentum Strike          Conj/Tloc      0%         3d8       58%         2
 Chain Lightning          Conj/Air       0%         N/A       100%        9
 Fire Storm               Conj/Fire      0%         5d1       100%        9
 Shatter                  Erth           0%         3d5*      100%        9


Dungeon Overview and Level Annotations

Branches:
Dungeon (3/15)

Altars:


Innate Abilities, Weirdness & Mutations

You are a tree.
Your roots penetrate the ground, keeping you stationary.
You cannot be teleported.
You are immune to unholy pain and torment.
Your maximum health is greatly increased.
Your equipment is partially melded.
(You are partially covered in rugged brown scales. (AC +1, +3% HP))
Spells you cast may paralyse adjacent enemies.
((You have very sharp teeth.))
You are agile. (Dex +4, Str/Int -1)
Your muscles are strong. (Str +4, Int/Dex -1)
Your spells are a little harder to cast, but a little more powerful.


Message History

No target in view!
No target in view!
No target in view!
No target in view!
No target in view!
No target in view!
No target in view!
No target in view!
No target in view!
No target in view!
j - 2 murky blue potions You now have 147 gold pieces (gained 9).
Found a dagger.
An ogre comes into view. It is wielding a +0 giant spiked club.
The ogre shouts!
You see here 2 scrolls of identify.
An ogre is nearby!
The ogre hits you with a +0 giant spiked club!!
Ouch! That really hurt!
A shower of butterflies erupts from you!
You are too injured to fight recklessly!
You are too injured to fight recklessly!
You are too injured to fight recklessly!
You are too injured to fight recklessly!
You are too injured to fight recklessly!
You are too injured to fight recklessly!
You are too injured to fight recklessly!
You are too injured to fight recklessly!
You are too injured to fight recklessly!
Unknown command.
You turn into a tree.
Your +0 cloak melds into your body.
Your +2 leather armour melds into your body.
Your roots penetrate the ground.
The ogre hits you with a +0 giant spiked club.
* * * LOW HITPOINT WARNING * * *
You hit the ogre.
The ogre is lightly wounded.
The ogre hits you with a +0 giant spiked club!!
You die...
Xom thinks this is hilarious!

#### #########
##..###...#...##
..#####...##....b....##
................b.b...#
..#####.##......♣O....#
. #####.##..b...bb.)..#
.##.....##.#.?.......##
..#.#...##.##...#...##
........##.##########
........##.#
.##.#...##..
..#.#.##### ........##


You could see an ogre (ally target).

Vanquished Creatures
  A gnoll (D:1)
  2 adders
  A dart slug (D:1)
  A ribbon worm (D:2)
  5 endoplasms
  2 giant cockroaches
  6 goblins (D:1)
  6 hobgoblins
  4 jackals (D:1)
  3 quokkas
  3 ball pythons
  9 bats
  A frilled lizard (D:2)
  3 kobolds
  5 rats
52 creatures vanquished.

Notes
Turn   | Place    | Note
-------+----------+-------------------------------------------
     0 | D:1      | spaghetti the Demonspawn Chaos Knight began the quest for
                  | the Orb.
     0 | D:1      | Reached XP level 1. HP: 18/18 MP: 1/1
    26 | D:1      | Reached skill level 1 in Dodging
    47 | D:1      | Gained mutation: Spells you cast may paralyse adjacent
                  | enemies. [demonic ancestry]
    47 | D:1      | Reached XP level 2. HP: 24/24 MP: 2/2
   246 | D:1      | XOM: silly message
   297 | D:1      | Reached XP level 3. HP: 26/29 MP: 3/3
   496 | D:1      | Gained mutation: Your muscles are strong. (Str +4, Int/Dex
                  | -1) [potion of mutation]
   496 | D:1      | Gained mutation: Your spells are a little harder to cast,
                  | but a little more powerful. [potion of mutation]
   496 | D:1      | Gained mutation: You are agile. (Dex +4, Str/Int -1)
                  | [potion of mutation]
   496 | D:1      | Gained mutation: You have very sharp teeth. [potion of
                  | mutation]
   732 | D:2      | XOM: cloud trail
   792 | D:2      | XOM: silly message
   826 | D:2      | XOM: 2-stop teleportation journey
   835 | D:2      | Gained mutation: You are partially covered in rugged brown
                  | scales. (AC +1, +3% HP) [demonic ancestry]
   835 | D:2      | Reached XP level 4. HP: 29/36 MP: 4/4
  1568 | D:3      | XOM: divination: detect creatures
  1635 | D:3      | Noticed an ogre
  1638 | D:3      | XOM: butterfly on damage
  1640 | D:3      | Mangled by an ogre

Illustrated notes

Levels and vault maps discovered:
D:1:      lemuel_arrival_cross, layout_rooms, st_stairs_1, minmay_heptomino_o4
D:2:      layout_basic, amethyst_killhole, minmay_split_cup_small
D:3:      layout_rooms

Skill      XL: |  1  2 |
---------------+-------+-----
Dodging        | 1 |  1.1
Armour         | 2 |  2.0
Long Blades    | 3 |  3.8
Fighting       | |  3.9

Action                     |  1- 3 |  4- 6 || total
---------------------------+-------+-------++-------
  Melee: Falchion          |   118 |    29 ||   147
         Bite              |     7 |     2 ||     9
         Punch             |     1 |     1 ||     2
    Use: Potion            |     4 |     1 ||     5
         Scroll            |     1 |     4 ||     5
 Armour: Leather armour    |   112 |    28 ||   140
         Skin              |       |     2 ||     2
  Dodge: Dodged            |   116 |    26 ||   142
